| TOP OF THE 1ST |
|
New York Yankees batting - Pitching for Toronto Blue Jays : LHP Jon Valdovinos
|
|
Pitching: LHP Jon Valdovinos
|
|
|
Batting: LHB Jason Peck
|
0-0: Ball 1-0: Ball 2-0: Ball 3-0: Base on Balls
|
|
Batting: LHB Jordan de Jesus
|
0-0: Ball 1-0: Ball 2-0: Ball 3-0: Foul Ball, location: 2F 3-1: Foul Ball, location: 2F 3-2: Fly out, F9 (Flyball, 9LM, EV 90.6 MPH)
|
|
Batting: SHB Bartholomeu Chambino
|
0-0: Ball Jason Peck steals 2nd base 1-0: 2-RUN HOME RUN (Flyball, 9D, EV 97.5 MPH), Distance : 360 ft
|
|
Batting: RHB C.J. Richerson
|
0-0: Called Strike 0-1: Fly out, F9 (Flyball, 89D, EV 97.5 MPH)
|
|
Batting: RHB Geni Prawiranega
|
0-0: Ball 1-0: Called Strike 1-1: Ball 2-1: Foul Ball, location: 2F 2-2: Ball 3-2: DOUBLE (Flyball, 8LXD, EV 107.5 MPH)
|
|
Batting: RHB Kai Bellow
|
0-0: Ball 1-0: Ball 2-0: Called Strike 2-1: Foul Ball, location: 2F 2-2: Ball 3-2: DOUBLE (Flyball, 89D, EV 101.2 MPH) Geni Prawiranega scores
|
|
Batting: LHB Yao-pang Tien
|
0-0: Called Strike 0-1: Called Strike 0-2: Foul Ball, location: 2F 0-2: Ball 1-2: Fly out, F4 (Flyball, 34D, EV 85.6 MPH)
|
| Top of the 1st over - 3 runs, 3 hits, 0 errors, 1 left on base; New York 3 - Toronto 0 |
| BOTTOM OF THE 1ST |
|
Toronto Blue Jays batting - Pitching for New York Yankees : RHP John Brice
|
|
Pitching: RHP John Brice
|
|
|
Batting: RHB Shigem Kubo
|
0-0: Ball 1-0: Foul Ball, location: 2F 1-1: Called Strike 1-2: SINGLE (Flyball, 5D, EV 88.1 MPH)
|
|
Batting: LHB Jon Schick
|
0-0: Ball 1-0: Ball Shigem Kubo steals 2nd base 2-0: Ball 3-0: Called Strike 3-1: Called Strike 3-2: Foul Ball, location: 2F 3-2: Foul Ball, location: 2F 3-2: Base on Balls
|
|
Batting: RHB Kirk Arp
|
0-0: Ball 1-0: Called Strike 1-1: Called Strike 1-2: 3-RUN HOME RUN (Flyball, 7LD, EV 93.1 MPH), Distance : 348 ft
|
|
Batting: RHB Ruben Velasco
|
0-0: Called Strike 0-1: Ball 1-1: Called Strike 1-2: Ball 2-2: Fly out, F7 (Flyball, 7, EV 93.1 MPH)
|
|
Batting: SHB Zory Larikov
|
0-0: Swinging Strike 0-1: Called Strike 0-2: Strikes out swinging
|
|
Batting: LHB Gabe White
|
0-0: Called Strike 0-1: Ball 1-1: Ground out 1-3 (Groundball, 13S, EV 65.0 MPH)
|
| Bottom of the 1st over - 3 runs, 2 hits, 0 errors, 0 left on base; New York 3 - Toronto 3 |
| TOP OF THE 2ND |
|
New York Yankees batting - Pitching for Toronto Blue Jays : LHP Jon Valdovinos
|
|
Batting: SHB Billy Durham
|
0-0: Fly out, F7 (Line Drive, 7, EV 90.0 MPH)
|
|
Batting: RHB Sam Saunders
|
0-0: Called Strike 0-1: Ball 1-1: Ball 2-1: Ball 3-1: Foul Ball, location: 2F 3-2: Fly out, F2 (Popup, 15S, EV 79.4 MPH)
|
|
Batting: LHB Jason Peck
|
0-0: Ball 1-0: Foul Ball, location: 2F 1-1: Called Strike 1-2: Strikes out looking
|
| Top of the 2nd over - 0 runs, 0 hits, 0 errors, 0 left on base; New York 3 - Toronto 3 |
| BOTTOM OF THE 2ND |
|
Toronto Blue Jays batting - Pitching for New York Yankees : RHP John Brice
|
|
Batting: RHB Adam Burke
|
0-0: Fly out, F8 (Flyball, 78XD, EV 91.9 MPH)
|
|
Batting: RHB Tommy Mize
|
0-0: Called Strike 0-1: Foul Ball, location: 2F 0-2: Ground out 5-3 (Groundball, 56, EV 85.0 MPH)
|
|
Batting: SHB Dylan Novakowski
|
0-0: Ball 1-0: Ball 2-0: Foul Ball, location: 2F 2-1: Swinging Strike 2-2: Foul Ball, location: 2F 2-2: Strikes out looking
|
| Bottom of the 2nd over - 0 runs, 0 hits, 0 errors, 0 left on base; New York 3 - Toronto 3 |
| TOP OF THE 3RD |
|
New York Yankees batting - Pitching for Toronto Blue Jays : LHP Jon Valdovinos
|
|
Batting: LHB Jordan de Jesus
|
0-0: Swinging Strike 0-1: SINGLE (Groundball, 34D, EV 94.4 MPH)
|
|
Batting: SHB Bartholomeu Chambino
|
0-0: Ball 1-0: Ball 2-0: Called Strike 2-1: Foul Ball, location: 2F 2-2: Ball 3-2: 2-RUN HOME RUN (Flyball, 7LD, EV 96.2 MPH), Distance : 341 ft
|
|
Batting: RHB C.J. Richerson
|
0-0: Foul Ball, location: 2F 0-1: SINGLE (Groundball, 56D, EV 95.0 MPH)
|
|
Batting: RHB Geni Prawiranega
|
0-0: Called Strike C.J. Richerson is caught stealing 2nd base 2-4 0-1: Swinging Strike 0-2: Foul Ball, location: 2F 0-2: Fly out, F7 (Flyball, 78M, EV 89.4 MPH)
|
|
Batting: RHB Kai Bellow
|
0-0: Called Strike 0-1: Ball 1-1: Ball 2-1: Foul Ball, location: 2F 2-2: Strikes out swinging
|
| Top of the 3rd over - 2 runs, 3 hits, 0 errors, 0 left on base; New York 5 - Toronto 3 |
| BOTTOM OF THE 3RD |
|
Toronto Blue Jays batting - Pitching for New York Yankees : RHP John Brice
|
|
Batting: RHB Shigem Kubo
|
0-0: Called Strike 0-1: Ball 1-1: SINGLE (Groundball, 25, EV 69.4 MPH) (infield hit)
|
|
Batting: LHB Jon Schick
|
0-0: Sac Bunt to 5S - play at first, batter OUT! 5-3 Shigem Kubo to second
|
|
Batting: RHB Kirk Arp
|
0-0: Ball 1-0: Called Strike 1-1: Ball 2-1: Ground out 6-3 (Groundball, 6S, EV 60.6 MPH) Shigem Kubo to third
|
|
Batting: RHB Ruben Velasco
|
0-0: Called Strike 0-1: Called Strike 0-2: Strikes out swinging
|
| Bottom of the 3rd over - 0 runs, 1 hit, 0 errors, 1 left on base; New York 5 - Toronto 3 |
| TOP OF THE 4TH |
|
New York Yankees batting - Pitching for Toronto Blue Jays : LHP Jon Valdovinos
|
|
Batting: LHB Yao-pang Tien
|
0-0: Ball 1-0: Ground out U3 (Groundball, 34, EV 90.0 MPH)
|
|
Batting: SHB Billy Durham
|
0-0: Ball 1-0: Foul Ball, location: 2F 1-1: Ball 2-1: Foul Ball, location: 2F 2-2: Fly out, F7 (Flyball, 78S, EV 85.0 MPH)
|
|
Batting: RHB Sam Saunders
|
0-0: Foul Ball, location: 2F 0-1: Foul Ball, location: 2F 0-2: Strikes out swinging
|
| Top of the 4th over - 0 runs, 0 hits, 0 errors, 0 left on base; New York 5 - Toronto 3 |
| BOTTOM OF THE 4TH |
|
Toronto Blue Jays batting - Pitching for New York Yankees : RHP John Brice
|
|
Batting: SHB Zory Larikov
|
0-0: Called Strike 0-1: Ball 1-1: Ball 2-1: SINGLE (Line Drive, 9S, EV 96.2 MPH)
|
|
Batting: LHB Gabe White
|
0-0: Ball 1-0: Foul Ball, location: 2F 1-1: Bunted foul 1-2: Ball 2-2: Ball 3-2: Strikes out looking
|
|
Batting: RHB Adam Burke
|
0-0: Ball 1-0: Called Strike 1-1: Grounds into double play, 4-6-3 (Groundball, 4M, EV 105.0 MPH)
|
| Bottom of the 4th over - 0 runs, 1 hit, 0 errors, 0 left on base; New York 5 - Toronto 3 |
| TOP OF THE 5TH |
|
New York Yankees batting - Pitching for Toronto Blue Jays : LHP Jon Valdovinos
|
|
Batting: LHB Jason Peck
|
0-0: Called Strike 0-1: Ball 1-1: Ground out 6-3 (Groundball, 6, EV 91.2 MPH)
|
|
Batting: LHB Jordan de Jesus
|
0-0: Swinging Strike 0-1: Fly out, F6 (Popup, 56, EV 70.0 MPH)
|
|
Batting: SHB Bartholomeu Chambino
|
0-0: Ball 1-0: Ball 2-0: Ball 3-0: Base on Balls
|
|
Pitching: RHP Alec Murphy
|
|
|
Batting: RHB C.J. Richerson
|
0-0: Called Strike Bartholomeu Chambino is caught stealing 2nd base 2-4
|
| Top of the 5th over - 0 runs, 0 hits, 0 errors, 0 left on base; New York 5 - Toronto 3 |
| BOTTOM OF THE 5TH |
|
Toronto Blue Jays batting - Pitching for New York Yankees : RHP John Brice
|
|
Batting: RHB Tommy Mize
|
0-0: Ball 1-0: Foul Ball, location: 2F 1-1: Swinging Strike 1-2: Ball 2-2: Strikes out looking
|
|
Batting: SHB Dylan Novakowski
|
0-0: Ball 1-0: Called Strike 1-1: Swinging Strike 1-2: Strikes out swinging
|
|
Batting: RHB Shigem Kubo
|
0-0: Ball 1-0: Swinging Strike 1-1: Ball 2-1: Foul Ball, location: 2F 2-2: SINGLE (Flyball, 89S, EV 93.1 MPH)
|
|
Batting: LHB Jon Schick
|
0-0: DOUBLE (Flyball, 8LD, EV 104.4 MPH) Shigem Kubo to third
|
|
Batting: RHB Kirk Arp
|
0-0: Ball 1-0: SINGLE (Groundball, 4, EV 76.9 MPH) (infield hit) Shigem Kubo scores Jon Schick to third
|
|
Batting: RHB Ruben Velasco
|
0-0: Foul Ball, location: 2F 0-1: Ball 1-1: Ball 2-1: SINGLE (Line Drive, 7S, EV 106.9 MPH) Jon Schick scores Kirk Arp to second
|
|
Batting: SHB Zory Larikov
|
0-0: SINGLE (Groundball, 6S, EV 68.1 MPH) (infield hit) Kirk Arp to third Ruben Velasco to second
|
|
Batting: LHB Gabe White
|
0-0: Called Strike 0-1: Called Strike 0-2: Strikes out swinging
|
| Bottom of the 5th over - 2 runs, 5 hits, 0 errors, 3 left on base; New York 5 - Toronto 5 |
| TOP OF THE 6TH |
|
New York Yankees batting - Pitching for Toronto Blue Jays : RHP Alec Murphy
|
|
Batting: RHB C.J. Richerson
|
0-0: Ball 1-0: Ground out 6-3 (Groundball, 6, EV 82.5 MPH)
|
|
Batting: RHB Geni Prawiranega
|
0-0: Called Strike 0-1: Ball 1-1: Called Strike 1-2: Ball 2-2: Foul Ball, location: 2F 2-2: Ground out 6-3 (Groundball, 6, EV 105.6 MPH)
|
|
Batting: RHB Kai Bellow
|
0-0: Ball 1-0: Ball 2-0: Ball 3-0: SINGLE (Groundball, 56D, EV 96.9 MPH)
|
|
Batting: LHB Yao-pang Tien
|
0-0: SINGLE (Groundball, 4S, EV 64.4 MPH) (infield hit) Kai Bellow to second
|
|
Batting: SHB Billy Durham
|
0-0: DOUBLE (Flyball, 8LXD, EV 98.8 MPH) Kai Bellow scores Yao-pang Tien to third Runner from 3rd tries for Home, throw by CF and OUT! 8-6-2
|
| Top of the 6th over - 1 run, 3 hits, 0 errors, 1 left on base; New York 6 - Toronto 5 |
| BOTTOM OF THE 6TH |
|
Toronto Blue Jays batting - Pitching for New York Yankees : RHP John Brice
|
|
Batting: RHB Adam Burke
|
0-0: Called Strike 0-1: Ball 1-1: Foul Ball, location: 2F 1-2: Ball 2-2: Ball 3-2: Fly out, F9 (Flyball, 9LS, EV 89.4 MPH)
|
|
Pitching: RHP Timothy Greinke
|
|
|
Batting: RHB Tommy Mize
|
0-0: Foul Ball, location: 2F 0-1: Swinging Strike 0-2: Ball 1-2: SINGLE (Line Drive, 6MD, EV 100.0 MPH)
|
|
Batting: SHB Dylan Novakowski
|
0-0: Foul Ball, location: 2F Pickoff Throw to First - Out! 1-3 0-1: Ball 1-1: SINGLE (Line Drive, 3D, EV 108.1 MPH)
|
|
Batting: RHB Shigem Kubo
|
0-0: Ball 1-0: Called Strike Dylan Novakowski steals 2nd base 1-1: Foul Ball, location: 2F 1-2: Fly out, F8 (Flyball, 8RXD, EV 86.9 MPH)
|
| Bottom of the 6th over - 0 runs, 2 hits, 0 errors, 1 left on base; New York 6 - Toronto 5 |
| TOP OF THE 7TH |
|
New York Yankees batting - Pitching for Toronto Blue Jays : RHP Alec Murphy
|
|
Batting: RHB Sam Saunders
|
0-0: Ball 1-0: Ground out 4-3 (Groundball, 4, EV 90.6 MPH)
|
|
Batting: LHB Jason Peck
|
0-0: Ball 1-0: Ball 2-0: Ball 3-0: Ground out 5-3 (Groundball, 5, EV 86.9 MPH)
|
|
Batting: LHB Jordan de Jesus
|
0-0: Ball 1-0: Ball 2-0: Foul Ball, location: 2F 2-1: Foul Ball, location: 2F 2-2: Ground out 4-3 (Groundball, 4, EV 98.8 MPH)
|
| Top of the 7th over - 0 runs, 0 hits, 0 errors, 0 left on base; New York 6 - Toronto 5 |
| BOTTOM OF THE 7TH |
|
Toronto Blue Jays batting - Pitching for New York Yankees : RHP Timothy Greinke
|
|
Batting: LHB Jon Schick
|
0-0: Foul Ball, location: 2F 0-1: Foul Ball, location: 2F 0-2: Ground out 6-3 (Groundball, 6, EV 85.6 MPH)
|
|
Batting: RHB Kirk Arp
|
0-0: Ball 1-0: Ball 2-0: Fly out, F9 (Flyball, 9LM, EV 101.9 MPH)
|
|
Batting: RHB Ruben Velasco
|
0-0: Called Strike 0-1: Ball 1-1: Ball 2-1: Swinging Strike 2-2: Ball 3-2: Base on Balls
|
|
Batting: SHB Zory Larikov
|
0-0: Ball 1-0: Swinging Strike 1-1: Ball 2-1: Foul Ball, location: 2F 2-2: Foul Ball, location: 2F 2-2: Strikes out swinging
|
| Bottom of the 7th over - 0 runs, 0 hits, 0 errors, 1 left on base; New York 6 - Toronto 5 |
| TOP OF THE 8TH |
|
New York Yankees batting - Pitching for Toronto Blue Jays : RHP Alec Murphy
|
|
Batting: SHB Bartholomeu Chambino
|
0-0: Called Strike 0-1: Ball 1-1: Foul Ball, location: 2F 1-2: Ball 2-2: Strikes out looking
|
|
Batting: RHB C.J. Richerson
|
0-0: Ball 1-0: Ball 2-0: Ball 3-0: Base on Balls
|
|
Batting: RHB Geni Prawiranega
|
0-0: Ball 1-0: Ball Wild Pitch! C.J. Richerson to second 2-0: Swinging Strike 2-1: Foul Ball, location: 2F 2-2: Foul Ball, location: 2F 2-2: Strikes out swinging
|
|
Batting: RHB Kai Bellow
|
0-0: Ground out 5-3 (Groundball, 5, EV 88.8 MPH)
|
| Top of the 8th over - 0 runs, 0 hits, 0 errors, 1 left on base; New York 6 - Toronto 5 |
| BOTTOM OF THE 8TH |
|
Toronto Blue Jays batting - Pitching for New York Yankees : RHP Timothy Greinke
|
|
Batting: LHB Gabe White
|
0-0: Foul Ball, location: 2F 0-1: Foul Ball, location: 2F 0-2: Strikes out swinging
|
|
Batting: RHB Adam Burke
|
0-0: Ball 1-0: Fly out, F9 (Flyball, 89S, EV 73.1 MPH)
|
|
Pinch Hitting: LHB Jesus Romero
|
0-0: Ball 1-0: Fly out, F7 (Line Drive, 7, EV 93.8 MPH)
|
| Bottom of the 8th over - 0 runs, 0 hits, 0 errors, 0 left on base; New York 6 - Toronto 5 |
| TOP OF THE 9TH |
|
New York Yankees batting - Pitching for Toronto Blue Jays : RHP Alec Murphy
|
|
Pitching: LHP Katsumi Omura
|
|
|
Now at 3B: Jerry Jauregui
|
|
|
Batting: LHB Yao-pang Tien
|
0-0: Called Strike 0-1: Foul Ball, location: 2F 0-2: Ground out 6-3 (Groundball, 4M, EV 98.1 MPH)
|
|
Batting: SHB Billy Durham
|
0-0: Foul Ball, location: 2F 0-1: Ball 1-1: Called Strike 1-2: Strikes out swinging
|
|
Batting: RHB Sam Saunders
|
0-0: Ball 1-0: Foul Ball, location: 2F 1-1: Foul Ball, location: 2F 1-2: Strikes out swinging
|
| Top of the 9th over - 0 runs, 0 hits, 0 errors, 0 left on base; New York 6 - Toronto 5 |
| BOTTOM OF THE 9TH |
|
Toronto Blue Jays batting - Pitching for New York Yankees : RHP Timothy Greinke
|
|
Pitching: RHP Martin Goyer
|
|
|
Now at 1B: Jordan de Jesus
|
|
|
Now in LF: Yao-pang Tien
|
|
|
Now in CF: Alejandro Soriano
|
|
|
Batting: SHB Dylan Novakowski
|
0-0: Ball 1-0: Ground out U3 (Groundball, 3, EV 88.1 MPH)
|
|
Batting: RHB Shigem Kubo
|
0-0: Ball 1-0: Swinging Strike 1-1: DOUBLE (Line Drive, 9LS, EV 109.4 MPH)
|
|
Batting: LHB Jon Schick
|
0-0: Called Strike 0-1: Ball 1-1: Ball 2-1: Called Strike 2-2: Foul Ball, location: 2F 2-2: Fly out, F8 (Line Drive, 8LM, EV 105.6 MPH)
|
|
Batting: RHB Kirk Arp
|
0-0: Ball 1-0: Ball 2-0: Foul Ball, location: 2F 2-1: Ball 3-1: Base on Balls
|
|
Batting: RHB Ruben Velasco
|
0-0: Called Strike 0-1: Foul Ball, location: 2F 0-2: Ball 1-2: Foul Ball, location: 2F 1-2: Foul Ball, location: 2F 1-2: Ball 2-2: Ball 3-2: Strikes out looking
|
| Bottom of the 9th over - 0 runs, 1 hit, 0 errors, 2 left on base; New York 6 - Toronto 5 |
|